 Dungeon Crawl Stone Soup version 0.27.1 (webtiles) character file.

Game seed: 12788705632603054269

2 JBAR the Charlatan (level 1, -1/17 HPs)
             Began as a Gnoll Artificer on Sept 2, 2021.
             Slain by a jackal (2 damage)
             ... on level 1 of the Dungeon.
             The game lasted 00:00:28 (113 turns).

JBAR the Charlatan (Gnoll Artificer)                 Turns: 113, Time: 00:00:29

Health: -1/17      AC:  3    Str: 11    XL:     1   Next: 30%
Magic:  1/1        EV: 12    Int: 10    God:
Gold:   0          SH:  0    Dex: 12    Spells: 0/0 levels left

rFire    . . .     SeeInvis .   a - +0 club
rCold    . . .     Faith    .   (no shield)
rNeg     . . .     Spirit   .   b - +0 leather armour
rPois    .         Reflect  .   (no helmet)
rElec    .         Harm     .   (no cloak)
rCorr    .         Rampage  .   (no gloves)
Will     .....                  (no boots)
Stlth    ++........             (no amulet)
HPRegen  0.05/turn              (no ring)
MPRegen  0.07/turn              (no ring)

@: no status effects
A: fangs 1, strong nose, distributed training
a: no special abilities


You were on level 1 of the Dungeon.
You visited 1 branch of the dungeon, and saw 1 of its levels.

Inventory:

Hand Weapons
 a - a +0 club (weapon)
Armour
 b - a +0 leather armour (worn)
Wands
 c - a wand of flame (14) (quivered)
 d - a wand of charming (15)
Scrolls
 f - a scroll of identify {unknown}
Miscellaneous
 e - a piece from Xom's chessboard (14/15)


   Skills:
 + Level 2.3 Fighting
 + Level 0.0 Short Blades
 + Level 0.0 Long Blades
 + Level 0.0 Axes
 + Level 0.0 Maces & Flails
 + Level 0.0 Polearms
 + Level 0.0 Staves
 + Level 0.0 Slings
 + Level 0.0 Bows
 + Level 0.0 Crossbows
 + Level 0.0 Throwing
 + Level 4.4 Armour
 + Level 2.3 Dodging
 + Level 2.1 Stealth
 + Level 0.0 Shields
 + Level 0.0 Unarmed Combat
 + Level 0.0 Spellcasting
 + Level 0.0 Conjurations
 + Level 0.0 Hexes
 + Level 0.0 Summonings
 + Level 0.0 Necromancy
 + Level 0.0 Translocations
 + Level 0.0 Transmutations
 + Level 0.0 Fire Magic
 + Level 0.0 Ice Magic
 + Level 0.0 Air Magic
 + Level 0.0 Earth Magic
 + Level 0.0 Poison Magic
 + Level 0.1 Invocations
 + Level 6.4 Evocations


You couldn't memorise any spells.
You didn't know any spells.
Your spell library was empty.

Dungeon Overview and Level Annotations

Branches:
Dungeon (1/15)

Altars:


Innate Abilities, Weirdness & Mutations

You have very sharp teeth.
Your uncanny sense of smell can sniff out nearby items.
Your experience applies equally to all skills.


Message History

The jackal barely misses you. The jackal closely misses you.
You miss the jackal. You bite the jackal.
The jackal is moderately wounded.
The jackal bites you. The jackal closely misses you. x2
The jackal barely misses you. x2
You closely miss the jackal.
The jackal is moderately wounded.
The jackal bites you but does no damage.
The jackal misses you. The jackal completely misses you.
The jackal bites you but does no damage.
The jackal bites you. x2
You closely miss the jackal.
The jackal is moderately wounded.
The jackal bites you. The jackal closely misses you.
The jackal bites you but does no damage.
The jackal barely misses you. The jackal bites you. x2
* * * LOW HITPOINT WARNING * * *
The jackal bites you but does no damage.
The jackal bites you.
* * * LOW HITPOINT WARNING * * *
You make a move on Xom's chessboard...
The jackal flickers and vanishes!
Deactivating autopickup; reactivate with Ctrl-A.
Aiming: Throw Flame
Press: ? - help, Shift-Dir - straight line, f - frilled lizard
Aim: a frilled lizard (57% to hit)
The puff of flame hits the frilled lizard!
You kill the frilled lizard!
The jackal closely misses you. The jackal barely misses you.
You hit the jackal but do no damage.
The jackal is moderately wounded.
Something bites you.
* * * LOW HITPOINT WARNING * * *
The jackal misses you. The jackal barely misses you.
Something bites you but does no damage. The jackal closely misses you.
You hit the jackal.
The jackal is moderately wounded.
The jackal bites you.
* * * LOW HITPOINT WARNING * * *
The jackal bites you.
You die...

.≈≈≈≈≈≈≈≈≈# # ≈≈≈♣♣♣...
≈≈≈≈≈≈≈≈≈##.. #≈≈≈....≈..#
............ #≈≈....≈≈≈.#
...≈≈≈≈≈≈## ##≈≈≈..≈≈≈≈(#
.......≈≈≈####≈≈≈≈≈≈≈≈≈≈.#
.........≈≈≈≈≈≈≈≈≈≈≈≈≈≈≈.#
#######.........≈≈≈≈≈≈##.#
≈≈≈≈≈≈#.........hh....'..####
..≈≈≈≈#########.@h....'......
....≈.#8#.....#..§§≈≈≈#######
......#.#.....#''##≈≈≈≈≈#
####'##.##'####...#≈≈≈≈≈#
#................#≈≈≈≈≈#
#######..##########≈≈≈≈..#
#..# ≈≈≈##.## #### ≈### .#


You could see 3 jackals.

Vanquished Creatures
  2 frilled lizards (D:1)
  A rat (D:1)
3 creatures vanquished.

Notes
Turn   | Place    | Note
-------+----------+-------------------------------------------
     0 | D:1      | JBAR the Gnoll Artificer began the quest for the Orb.
     0 | D:1      | Reached XP level 1. HP: 17/17 MP: 1/1
   113 | D:1      | Slain by a jackal

Illustrated notes

Levels and vault maps discovered:
D:1:      sevenhm_arrival_forest_fort_large_1, layout_rooms

Action                   || total
-------------------------++-------
Melee: Club              ||    12
       Bite              ||     1
Evoke: Wand              ||     1
       Piece from Xom's  ||     1
 Stab: Sleeping          ||     1
Armor: Leather armour    ||     6
Dodge: Dodged            ||    20
